 Dungeon Crawl Stone Soup version 0.18.1-5-g4a78601 (webtiles) character file.

53 mopl the Sneak (level 3, 21/21 HPs)
             Began as a High Elf Enchanter on May 11, 2016.
             Quit the game on level 2 of the Dungeon.
             The game lasted 00:02:31 (1167 turns).

mopl the Sneak (High Elf Enchanter)                 Turns: 1167, Time: 00:02:32

Health: 21/21      AC:  4    Str:  7    XL:     3   Next: 62%
Magic:  8/8        EV: 13    Int: 18    God:
Gold:   48         SH:  0    Dex: 17    Spells: 3 memorised, 2 levels left

rFire  . . .     SeeInvis .     a - +1 dagger
rCold  . . .     Gourm    .     b - +1 robe
rNeg   . . .     Faith    .     (no shield)
rPois  .         Spirit   .     r - +0 helmet
rElec  .         Dismiss  .     (no cloak)
rCorr  .         Reflect  .     (no gloves)
SustAt .         Harm     .     (no boots)
MR     +....                    (no amulet)
Stlth  +++.......               s - -3 ring of slaying (curse)
                                e - ring of protection from magic

@: somewhat resistant to hostile enchantments, fairly stealthy
A: no striking features
a: no special abilities


You were on level 2 of the Dungeon.
You were not hungry.

You visited 1 branch of the dungeon, and saw 3 of its levels.

You collected 48 gold pieces.

Inventory:

Hand Weapons
 a - a +1 dagger (weapon)
Armour
 b - a +1 robe (worn)
 r - a +0 helmet (worn)
Jewellery
 e - a ring of protection from magic (left hand)
 s - a cursed -3 ring of slaying (right hand)
Scrolls
 g - a scroll of fear {unknown}
 i - 3 scrolls of remove curse {unknown}
 k - 2 scrolls of identify {unknown}
 l - a scroll of amnesia {unknown}
 o - 2 scrolls of teleportation {unknown}
Potions
 f - a potion of flight {unknown}
 h - a potion of agility {unknown}
 j - a potion of resistance {unknown}
 m - a potion of beneficial mutation {unknown}
 n - a potion of ambrosia {unknown}
 q - a potion of haste {unknown}
Books
 c - a book of Maledictions

   Spells                             Type                      Level
   a - Corona                         Hexes                        1
   b - Ensorcelled Hibernation        Hexes/Ice                    2
   c - Confuse                        Hexes                        3
   d - Tukima's Dance                 Hexes                        3
   e - Dazzling Spray                 Conjuration/Hexes            3
Comestibles
 d - a bread ration
 p - 4 chunks of flesh


   Skills:
 + Level 1.7 Short Blades
 - Level 2.1 Dodging
 * Level 4.1 Stealth
 + Level 3.0 Spellcasting
 * Level 3.5 Hexes
 + Level 0.4 Ice Magic


You had 2 spell levels left.
You knew the following spells:

 Your Spells              Type           Power        Failure   Level  Hunger
a - Corona                Hex            ###....      4%          1    None
b - Ensorcelled Hibernat  Hex/Ice        #.....       12%         2    ##.....
c - Confuse               Hex            ###.....     14%         3    ###....


Dungeon Overview and Level Annotations

Branches:
Dungeon (3/15)

Altars:
Elyvilon
Pakellas
Sif Muna
Trog
Xom


Message History

Found a bloodstained altar of Trog.
Found a helmet.
You see here 14 stones.
You see here a helmet.
r - a helmet Wear which item? (? for menu, Esc to quit)
You start putting on your armour.
You continue putting on your helmet. x4
You finish putting on your +0 helmet.
You see here 14 stones.
s - a marble ring Put on which piece of jewellery? (? for menu, Esc to quit)
Oops, that ring feels deathly cold.
s - a cursed -3 ring of slaying (right hand)
Found a stone staircase leading up.
There is a stone staircase leading up here.
You climb upwards.
Found 23 stones.
There is a stone staircase leading down here.
Found a deep blue altar of Sif Muna.
Are you sure you want to abandon this character and quit the game? (Confirm with "yes".)

#.# ...#
#..#....#.# #.#
##.#....#.# #.# #
#......# # #.#
###. ##.....# ...
### ## #.......
#.. ###8###8###
##.......
#.(##8...8...8###
.......
#..##.........##.
.....
#..#>....@...._#.
#####.........###
###8...8...8###
###8###8### ###
##


There were no monsters in sight!

Vanquished Creatures
  2 adders (D:3)
  A dart slug (D:1)
  2 giant geckos
  4 bats
  2 giant cockroaches
  5 goblins
  3 hobgoblins (D:1)
  2 quokkas (D:3)
  A ball python (D:3)
  A giant newt (D:1)
  4 kobolds (D:1)
  2 rats
29 creatures vanquished.

Notes
Turn   | Place    | Note
--------------------------------------------------------------
     0 | D:1      | mopl the High Elf Enchanter began the quest for the Orb.
     0 | D:1      | Reached XP level 1. HP: 11/11 MP: 4/4
   308 | D:1      | Reached XP level 2. HP: 9/17 MP: 4/6
   312 | D:1      | Learned a level 2 spell: Ensorcelled Hibernation
   839 | D:2      | Found an oddly glowing altar of Pakellas.
   857 | D:3      | Reached XP level 3. HP: 21/21 MP: 2/8
   862 | D:3      | Learned a level 3 spell: Confuse
   890 | D:3      | Found a white marble altar of Elyvilon.
   980 | D:3      | Reached skill level 4 in Stealth
  1025 | D:3      | Found a shimmering altar of Xom.
  1052 | D:3      | Reached skill level 3 in Spellcasting
  1123 | D:3      | Found a bloodstained altar of Trog.
  1164 | D:2      | Found a deep blue altar of Sif Muna.
  1167 | D:2      | Quit the game

Skill      XL: |  1  2  3 |
---------------+----------+-----
Stealth        | 4 |  4.1
Spellcasting   | 3 |  3.0
Short Blades   | |  1.7
Dodging        | |  2.1
Hexes          | |  3.5
Ice Magic      | |  0.4

Action                   || total
-------------------------++-------
Melee: Dagger            ||    62
 Cast: Corona            ||     6
       Ensorcelled Hiber ||    10
 Stab: Sleeping          ||    16
       Distracted        ||     1
  Eat: Chunk             ||     1
Armor: Robe              ||    20
Dodge: Dodged            ||    37
